AoeStats
← fat_dgk

Lombardia

508352440Analyzed
4v4 RM · 10d ago on Sep 22, 2026· 21m 38s· 8 players
Game mode
Random Map
Map size
Large (8 player)
Population
200
Speed
Normal
Resources
Standard
Victory
Conquest
Starting age
Dark Age
Ending age
Imperial Age
RankedLock teamsTeams togetherTeam positionsShared explorationLock speedFull tech treeHidden civsTurbo modeCheats
Victory
Defeat
🇨🇦 Spanish · Canada
1247
+15
🇲🇽 Khmer · Mexico
1229
+16
🇨🇴 Britons · Colombia
1199
+17
🇨🇱 Berbers · Chile
1158
+20
🇨🇱 Goths · Chile
1257
-18
1257
-18
🇲🇽 Mongols · Mexico
1203
-16
1203
-16
Sonaron Disparos
8:10 Feudal Age
8:50 Double-Bit Axe
13:14 Bloodlines
15:19 Forging
19:54 Castle Age
18:44 Scale Barding Armor
21:34 Iron Casting
hargir
2:54 Loom
10:20 Feudal Age
16:48 Castle Age
16:13 Double-Bit Axe
Bugzy
9:10 Loom
11:14 Feudal Age
12:17 Double-Bit Axe
15:13 Castle Age
16:54 Bow Saw
fat_dgk
6:38 Loom
9:37 Feudal Age
13:24 Double-Bit Axe
13:25 Horse Collar
21:07 Forging
23:36 Castle Age
[Telo] ~ Don Jorge III
10:15 Feudal Age
8:30 Loom
14:13 Castle Age
13:04 Double-Bit Axe
13:00 Horse Collar
16:08 Bow Saw
17:20 Heavy Plow
20:17 Forging
21:29 Fletching
[Telo] ~ Shelo the murder
6:28 Loom
7:53 Loom
10:14 Feudal Age
16:51 Castle Age
15:16 Horse Collar
15:28 Double-Bit Axe
[Telo] ~ XuPaL0 TeL0
2:29 Loom
10:52 Feudal Age
15:56 Castle Age
14:05 Double-Bit Axe
15:59 Horse Collar
18:39 Wheelbarrow
18:58 Town Watch
[Telo] ~ The Highest Threat
4:55 Loom
10:54 Feudal Age
9:11 Loom
10:57 Feudal Age
19:17 Castle Age
18:50 Double-Bit Axe
19:23 Fletching
Connection lost

Rejoining the realm…

Still unreachable

The connection could not be restored.

Session expired

The server has moved on; the page needs a fresh start.